 Dungeon Crawl Stone Soup version 0.19.0-2-gae57169 (webtiles) character file.

414 MTVSty1e the Skirmisher (level 6, 0/62 HPs)
             Began as a Minotaur Fighter on Nov 6, 2016.
             Slain by an adder (1 damage)
             ... on level 4 of the Dungeon.
             The game lasted 00:08:37 (3221 turns).

MTVSty1e the Skirmisher (Minotaur Fighter)          Turns: 3221, Time: 00:08:40

Health: 0/62       AC:  8    Str: 22    XL:     6   Next: 60%
Magic:  5/5        EV:  8    Int:  5    God:
Gold:   173        SH: 10    Dex: 10    Spells: 0 memorised, 5 levels left

rFire  . . .     SeeInvis .     a - +0 war axe
rCold  . . .     Gourm    .     b - +0 scale mail
rNeg   . . .     Faith    .     c - +0 shield
rPois  .         Spirit   .     (helmet restricted)
rElec  .         Reflect  .     q - +0 cloak
rCorr  .         Harm     .     (no gloves)
MR     .....                    (no boots)
Stlth  ..........               (no amulet)
                                (no ring)
                                (no ring)

@: lethally poisoned (0 -> -6)
A: retaliatory headbutt, horns 2, robust 1
a: no special abilities


You were on level 4 of the Dungeon.
You were not hungry.

You visited 1 branch of the dungeon, and saw 4 of its levels.

You collected 173 gold pieces.

Inventory:

Hand Weapons
 a - a +0 war axe (weapon)
Armour
 b - a +0 scale mail (worn)
 c - a +0 shield (worn)
 q - a +0 cloak (worn)
Scrolls
 g - 5 scrolls of identify {unknown}
 h - a scroll of amnesia {unknown}
 i - a scroll of fear {unknown}
 j - 2 scrolls of random uselessness {unknown}
 k - 2 scrolls of magic mapping {unknown}
 m - 4 scrolls of remove curse {unknown}
 n - a scroll of recharging {unknown}
 x - a scroll of blinking {unknown}
Potions
 d - a potion of resistance {unknown}
 e - a potion of berserk rage {unknown}
 l - a potion of invisibility {unknown}
 o - a potion of magic
 r - a potion of ambrosia {unknown}
 s - a potion of beneficial mutation
 t - a potion of curing {unknown}
 u - a potion of lignification {unknown}
 v - a potion of agility {unknown}
 w - a potion of mutation {unknown}
Comestibles
 f - 2 bread rations
 p - 2 meat rations


   Skills:
 * Level 6.1 Fighting
 + Level 4.2 Axes
 + Level 5.2 Armour
 + Level 1.9 Dodging
 + Level 4.8 Shields


You had 5 spell levels left.
You didn't know any spells.

Dungeon Overview and Level Annotations

Branches:
Dungeon (4/15)
 Temple: D:4-7

Altars:
Xom

Annotations:
D:2 Crazy Yiuf


Innate Abilities, Weirdness & Mutations

You reflexively headbutt those who attack you in melee.
You have a pair of horns on your head.
You are robust. (+10% HP)


Message History

The adder poisons you!
Okay, then.
You hit the ogre.
The ogre is moderately wounded.
You barely miss the adder.
You feel sick. The adder bites you but does no damage.
The ogre hits you with a giant spiked club!
* * * LOW HITPOINT WARNING * * *
You block the adder's attack.
It was a potion of beneficial mutation.
You feel robust.
You feel fantastic!
You feel sick. You block the ogre's attack. You block the adder's attack.
It was a potion of magic.
Magic courses through your body.
You feel sick. The adder bites you.
* * * LOW HITPOINT WARNING * * *
The ogre hits you with a giant spiked club!
* * * LOW HITPOINT WARNING * * *
The adder bites you.
You die...

.# .# .# .#
.#########.#####
......O.........
.....lS@..#
..#######.#####
#...†.# #.###.#
#.# #.# #.# #†#
#.# #.# #.# #.#
##.###.######


You could see an ogre, an iguana and an adder.

Vanquished Creatures
  A scorpion (D:4)
  2 howler monkeys
  An orc priest (D:3)
  A worker ant (D:4)
  Terence (D:3)
  4 gnolls (D:2)
  7 adders
  3 oozes
  4 leopard geckos
  4 orcs (D:3)
  6 bats
  6 giant cockroaches
  5 goblins
  6 hobgoblins
  21 jackals
  2 quokkas (D:2)
  3 frilled lizards
  6 kobolds
  6 rats
89 creatures vanquished.

Notes
Turn   | Place    | Note
-------+----------+-------------------------------------------
     0 | D:1      | MTVSty1e the Minotaur Fighter began the quest for the Orb.
     0 | D:1      | Reached XP level 1. HP: 19/19 MP: 0/0
    24 | D:1      | Reached XP level 2. HP: 25/27 MP: 1/1
   232 | D:1      | Reached skill level 4 in Fighting
   532 | D:2      | Reached XP level 3. HP: 33/33 MP: 2/2
   671 | D:2      | Found a runed door.
  1053 | D:2      | Reached XP level 4. HP: 30/41 MP: 3/3
  1356 | D:2      | Reached skill level 5 in Fighting
  1597 | D:2      | Noticed Crazy Yiuf
  1683 | D:3      | Reached XP level 5. HP: 43/48 MP: 4/4
  1915 | D:3      | Reached skill level 1 in Dodging
  2306 | D:3      | Found a shimmering altar of Xom.
  2407 | D:3      | Reached skill level 5 in Armour
  2421 | D:3      | Reached XP level 6. HP: 16/57 MP: 5/5
  2920 | D:3      | Noticed Terence
  2930 | D:3      | Killed Terence
  3183 | D:4      | Reached skill level 6 in Fighting
  3220 | D:4      | Gained mutation: You are robust. (+10% HP) [potion of beneficial mutation]
  3221 | D:4      | HP: 1/62 [ogre/giant spiked club (7)]
  3221 | D:4      | Slain by an adder

Skill      XL: |  1  2  3  4  5  6 |
---------------+-------------------+-----
Armour         | 4 5 |  5.2
Fighting       | 4 5 6 |  6.1
Axes           | 3 4 |  4.2
Shields        | 4 |  4.8
Dodging        | 1 |  1.9

Action                   |  1- 3 |  4- 6 || total
-------------------------+-------+-------++-------
Melee: War axe           |    85 |   145 ||   230
       Headbutt          |     8 |    23 ||    31
  Use: Potion            |       |     3 ||     3
  Eat: Bread ration      |       |     2 ||     2
       Pizza             |       |     1 ||     1
Armor: Scale mail        |    42 |    69 ||   111
Dodge: Dodged            |    26 |    49 ||    75
Block: Shield            |    47 |   101 ||   148
